 Dungeon Crawl Stone Soup version 0.23.2-40-g277498a001 (webtiles) character file.

Game seed: 15675120415358441477

8890 DildoBatman the Artisan of Death (level 11, -3/79 HPs)
             Began as a Formicid Wizard on Sept 10, 2019.
             Was a Priest of Kikubaaqudgha.
             Slain by Snorg (16 damage)
             ... on level 11 of the Dungeon.
             The game lasted 00:46:42 (10692 turns).

DildoBatman the Artisan of Death (Formicid Wizard) Turns: 10692, Time: 00:46:42

Health: -3/79      AC:  9    Str: 11    XL:     11   Next: 64%
Magic:  9/20       EV: 12    Int: 22    God:    Kikubaaqudgha [***...]
Gold:   470        SH:  0    Dex:  9    Spells: 13/22 levels left

rFire    + . .     SeeInvis +   a - +2 spear (venom)
rCold    . . .     Gourm    .   C - +0 buckler
rNeg     . . .     Faith    +   V - +3 leather armour {rF+}
rPois    .         Spirit   .   (helmet unavailable)
rElec    .         Reflect  .   B - +0 cloak
rCorr    .         Harm     .   (no gloves)
MR       +++..                  d - +0 pair of boots
Stlth    +.........             J - amulet of faith
HPRegen  0.23/turn              n - ring of protection from magic
MPRegen  0.17/turn              y - ring of protection from magic

@: confused
A: permanent stasis, dig shafts and tunnels, four strong arms, antennae 3
a: Dig, Shaft Self, Receive Corpses, Renounce Religion


You were on level 11 of the Dungeon.
You worshipped Kikubaaqudgha.
Kikubaaqudgha was most pleased with you.
You were not hungry.

You visited 2 branches of the dungeon, and saw 12 of its levels.

You collected 470 gold pieces.

Inventory:

Hand Weapons
 a - a +2 spear of venom (weapon)
 b - the +7 rapier of Valour {pain, rElec rPois rF- Stlth-}
   (You found it on level 8 of the Dungeon)

   In the hands of one skilled in necromantic magic, it inflicts extra damage on
   living creatures.
   It makes you vulnerable to fire.
   It insulates you from electricity.
   It protects you from poison.
   It makes you less stealthy.
 e - a +3 halberd
Missiles
 j - 4 throwing nets (quivered)
 l - 218 arrows
 u - 115 bolts
 H - 81 sling bullets
Armour
 d - a +0 pair of boots (worn)
 B - a +0 cloak (worn)
 C - a +0 buckler (worn)
 V - a +3 leather armour of fire resistance (worn)
 Y - a +1 ring mail of cold resistance
 Z - a +0 shield
Magical Staves
 A - an uncursed staff of death
Jewellery
 m - an uncursed amulet of magic regeneration
 n - a ring of protection from magic (left hand)
 p - an uncursed ring of ice
 y - a ring of protection from magic (right hand)
 E - the amulet of Soewk {RegenMP Str+7 SInv, unknown}
   (You found it on level 9 of the Dungeon)

   [amulet of magic regeneration]

   It increases your magic regeneration.
   It affects your strength (+7).
   It lets you see invisible.
 J - an amulet of faith (around neck)
Wands
 M - a wand of clouds (2)
 U - a wand of scattershot (11)
 X - a wand of iceblast (7)
Scrolls
 g - a scroll of enchant armour {unknown}
 h - a scroll of random uselessness {unknown}
 q - 4 scrolls of fear
 r - 2 scrolls of fog
 t - 4 scrolls of amnesia
 x - 6 scrolls of remove curse
 z - 4 scrolls of identify
 G - 3 scrolls of enchant weapon
 I - a scroll of vulnerability {unknown}
 N - a scroll of silence {unknown}
 Q - a scroll of magic mapping {unknown}
 R - a scroll of brand weapon {unknown}
Potions
 f - 5 potions of heal wounds
 i - 2 potions of brilliance {unknown}
 k - 2 potions of lignification {unknown}
 o - 7 potions of flight
 w - 2 potions of might {unknown}
 D - 2 potions of resistance {unknown}
 F - 2 potions of haste {unknown}
 L - 3 potions of berserk rage {unknown}
 P - 5 potions of curing {unknown}
 W - 2 potions of magic {unknown}
Comestibles
 c - 9 chunks of flesh
 v - 22 rations


   Skills:
 - Level 5.0 Fighting
 - Level 3.0 Polearms
 - Level 5.0 Armour
 - Level 3.0 Dodging
 - Level 6.0 Stealth
 * Level 6.7 Shields
 - Level 6.0 Spellcasting
 - Level 6.0 Conjurations
   Level 1.0 Summonings
 - Level 7.1 Necromancy
   Level 0.8 Translocations
 - Level 4.1 Fire Magic
 - Level 4.1 Air Magic
 - Level 6.2 Poison Magic


You had 13 spell levels left.
You knew the following spells:

 Your Spells              Type           Power        Failure   Level  Hunger
a - Conjure Flame         Conj/Fire      ####....     4%          3    #......
c - Magic Dart            Conj           ####         1%          1    None
e - Mephitic Cloud        Conj/Pois/Air  ####....     3%          3    #......
z - Sublimation of Blood  Necr           #####.....   1%          2    None

Your spell library contained the following spells:

 Spells                   Type           Power        Failure   Level  Hunger
 Animate Skeleton         Necr           N/A          1%          1    None
 Pain                     Necr           ####         1%          1    None
 Vampiric Draining        Necr           #####.....   1%          3    #......
 Animate Dead             Necr           N/A          6%          4    ###....
 Spider Form              Tmut/Pois      ###.......   10%         3    #......
 Beastly Appendage        Tmut           #.....       12%         1    None
 Confusing Touch          Hex            #.....       12%         1    None
 Call Imp                 Summ           ##......     12%         2    None
 Slow                     Hex            #.......     17%         2    None
 Sticks to Snakes         Tmut           #.......     17%         2    None
 Agony                    Necr           #####...     17%         5    #####..
 Dispel Undead            Necr           #####...     17%         5    #####..
 Gell's Gravitas          Tloc           ##........   24%         3    #......
 Confuse                  Hex            #.......     34%         3    #......
 Borgnjor's Vile Clutch   Necr/Erth      ###.......   58%         5    #####..
 Death Channel            Necr           #####.....   67%         6    ######.
 Ice Form                 Ice/Tmut       #.......     75%         4    ###....
 Petrify                  Tmut/Erth      #.......     75%         4    ###....
 Blade Hands              Tmut           #.........   97%         5    #####..
 Metabolic Englaciation   Hex/Ice        #.........   97%         5    #####..
 Yara's Violent Unravell  Hex/Tmut       #.........   97%         5    #####..
 Blink                    Tloc           Unusable     N/A         2    N/A

Dungeon Overview and Level Annotations

Branches:
Dungeon (11/15)            Temple (1/1) D:7            Lair (0/6) D:8
    Orc (0/2) D:10

Altars:
Ashenzari
Cheibriados
Dithmenos
Elyvilon
Fedhas
Gozag
Hepliaklqana
Kikubaaqudgha
Makhleb
Nemelex Xobeh
Okawaru
Qazlal
Ru
Sif Muna
Trog
Uskayaw
Vehumet
Wu Jian
Xom
Yredelemnul
Zin
The Shining One

Shops:
D:7 (

Annotations:
D:4 1 exclusion
D:10 exclusion: gargoyle
D:11 Snorg


Innate Abilities, Weirdness & Mutations

You cannot be hasted, slowed, berserked, paralysed or teleported.
You can dig through walls and to a lower floor.
Your four strong arms can wield two-handed weapons with a shield.
You have a pair of large antennae on your head. (SInv)


Message History

Snorg bites you. Snorg closely misses you. Snorg claws you!
Casting: Mephitic Cloud (safe; 3% risk of failure)
Confirm with . or Enter, or press ? or * to list all spells.
Aiming: Mephitic Cloud (safe; 3% risk of failure)
Press: ? - help, Shift-Dir - straight line, f/p - Snorg
Aim: Snorg (heavily wounded, berserk, fast, unusually strong, poisoned) That beam is likely to hit you.
Continue anyway?
The ball explodes into a vile cloud!
The stinking cloud engulfs Snorg but does no damage.
Snorg is heavily wounded.
The stinking cloud engulfs you but does no damage.
You are engulfed in noxious fumes.
You choke on the stench!
You are confused.
Snorg is engulfed in noxious fumes.
Snorg bites you!
You die...
Kikubaaqudgha rasps: "You have failed me!
Welcome... death!"

).....T#################...####
.............#.....#.....#....#
#########..#...###.....)......#
#.T#####.....###....... ##.#
#..##.##.....#.# #.#
#..##.##.###.#.#
#°#####..##...........
#.§§T.#..##.##..##....
#####@#........)......
#..........#.#.#.#
#.#.....##.#.#.#.#
#.###)####.....#.# #.# #.#
#.....#.# ### ### #.#####.# #.#
### #.# ###


You could see Snorg (berserk).

Vanquished Creatures
  Harold (D:9)
  A two-headed ogre (D:10)
  Joseph (D:9)
  3 trolls
  2 hippogriffs
  A spriggan (D:6)
  8 yaks
  A steam dragon (D:10)
  7 orc warriors
  An ice beast (D:10)
  2 black bears (D:8)
  An eye of draining (D:9)
  9 ogres
  A necrophage (D:9)
  3 sky beasts
  4 centaurs
  A crocodile (D:8)
  2 big kobolds (D:10)
  7 bullfrogs
  4 gnoll sergeants (D:10)
  A scorpion (D:4)
  5 killer bees
  4 wights (D:8)
  4 crimson imps
  A quasit (D:8)
  A bullfrog zombie (D:10)
  3 hounds
  5 orc priests
  A jelly (D:6)
  A centaur skeleton (D:4)
  2 bullfrog skeletons
  7 worker ants
  2 iguanas
  5 orc wizards
  Terence (D:1)
  A hound skeleton (D:4)
  A worker ant zombie (D:10)
  7 gnolls
  16 adders
  A howler monkey skeleton (D:8)
  3 oozes
  2 adder skeletons
  An adder zombie (D:6)
  2 worms
  6 leopard geckos
  38 orcs
  3 ball pythons (D:1)
  6 giant cockroaches
  7 goblins
  3 hobgoblins
  6 jackals
  4 quokkas
  4 bats
  6 frilled lizards
  A jackal skeleton (D:7)
  8 kobolds
  A quokka skeleton (D:8)
  7 rats
237 creatures vanquished.

Vanquished Creatures (collateral kills)
  A scorpion (D:6)
1 creature vanquished.

Grand Total: 238 creatures vanquished

Notes
Turn   | Place    | Note
-------+----------+-------------------------------------------
     0 | D:1      | DildoBatman the Formicid Wizard began the quest for the
                  | Orb.
     0 | D:1      | Reached XP level 1. HP: 13/13 MP: 4/4
    28 | D:1      | Reached skill level 1 in Conjurations
   122 | D:1      | Reached XP level 2. HP: 14/19 MP: 6/6
   383 | D:1      | Reached XP level 3. HP: 14/24 MP: 0/7
   388 | D:1      | Learned a level 3 spell: Conjure Flame
   392 | D:1      | Learned a level 3 spell: Mephitic Cloud
  1335 | D:2      | Noticed Terence
  1440 | D:2      | Reached XP level 4. HP: 11/30 MP: 2/8
  1800 | D:2      | Reached XP level 5. HP: 24/35 MP: 1/9
  2644 | D:2      | Reached skill level 5 in Conjurations
  2644 | D:2      | Reached XP level 6. HP: 17/41 MP: 8/10
  2780 | D:3      | Found a faded altar of an unknown god.
  3447 | D:5      | Entered Level 5 of the Dungeon
  3466 | D:5      | Noticed a sky beast
  3482 | D:5      | Reached XP level 7. HP: 46/46 MP: 8/11
  4403 | D:6      | Reached skill level 1 in Poison Magic
  4445 | D:6      | Found an opulent altar of Gozag.
  4644 | D:6      | Reached skill level 1 in Fire Magic
  4657 | D:6      | Reached skill level 1 in Air Magic
  4701 | D:6      | Reached XP level 8. HP: 23/52 MP: 2/12
  4913 | D:6      | Reached skill level 5 in Stealth
  5316 | D:7      | Noticed a hippogriff
  5325 | D:7      | Noticed a spriggan baker
  5899 | D:7      | Found Nenet's Weapon Emporium.
  5973 | D:7      | Found a staircase to the Ecumenical Temple.
  5987 | Temple   | Entered the Ecumenical Temple
  6262 | Temple   | Became a worshipper of Kikubaaqudgha
  6335 | D:7      | Killed a hippogriff
  6335 | D:7      | Reached XP level 9. HP: 53/57 MP: 8/13
  6344 | D:7      | Reached skill level 5 in Poison Magic
  6939 | D:4      | Reached * piety under Kikubaaqudgha
  6939 | D:4      | Identified Kikubaaqudgha's Volume of Stolen Souls
                  | (Kikubaaqudgha gifted it to you on level 4 of the Dungeon)
  6939 | D:4      | Received a gift from Kikubaaqudgha
  7069 | D:1      | Killed Terence
  7278 | D:8      | Reached skill level 5 in Spellcasting
  7433 | D:8      | Reached XP level 10. HP: 59/64 MP: 14/19
  7468 | D:8      | Found a staircase to the Lair.
  7478 | D:8      | Reached skill level 1 in Fighting
  7478 | D:8      | Reached skill level 1 in Armour
  7559 | D:8      | Got an iridescent rapier
  7565 | D:8      | Identified the +7 rapier of Valour {pain, rElec rPois rF-
                  | Stlth-} (You found it on level 8 of the Dungeon)
  7844 | D:8      | Got a translucent chain mail
  7915 | D:8      | Found an ornate altar of the Wu Jian Council.
  8114 | D:8      | Reached ** piety under Kikubaaqudgha
  8140 | D:8      | Identified the cursed +0 chain mail "Sesim" {rF+ rC- Int+7}
                  | (You found it on level 8 of the Dungeon)
  8422 | D:9      | Noticed Joseph
  8509 | D:9      | Got a vibrating ruby amulet
  8712 | D:9      | Reached skill level 1 in Polearms
  8798 | D:9      | Reached skill level 5 in Fighting
  8798 | D:9      | Reached skill level 5 in Armour
  8926 | D:9      | Killed Joseph
  8954 | D:9      | Found a white marble altar of Elyvilon.
  8971 | D:9      | Reached skill level 1 in Necromancy
  8984 | D:9      | Noticed Harold
  9012 | D:9      | Killed Harold
  9012 | D:9      | Reached skill level 3 in Necromancy
  9012 | D:9      | Reached XP level 11. HP: 75/79 MP: 10/20
  9155 | D:9      | Reached skill level 4 in Necromancy
  9311 | D:10     | Entered Level 10 of the Dungeon
  9481 | D:10     | Reached skill level 5 in Necromancy
  9528 | D:10     | Found a staircase to the Orcish Mines.
  9554 | D:10     | Reached skill level 6 in Necromancy
  9561 | D:10     | Reached *** piety under Kikubaaqudgha
  9561 | D:10     | Identified Kikubaaqudgha's Almanac of Necromancy
                  | (Kikubaaqudgha gifted it to you on level 10 of the Dungeon)
  9561 | D:10     | Received a gift from Kikubaaqudgha
  9569 | D:10     | Learned a level 2 spell: Sublimation of Blood
  9610 | D:10     | Reached skill level 7 in Necromancy
 10103 | D:10     | Noticed a two-headed ogre
 10147 | D:10     | Killed a two-headed ogre
 10651 | D:11     | Noticed a death yak
 10651 | D:11     | Noticed a death yak
 10651 | D:11     | Noticed a death yak
 10654 | D:11     | Noticed a death yak
 10654 | D:11     | Noticed a death yak
 10654 | D:11     | Noticed a death yak
 10654 | D:11     | Noticed a death yak
 10674 | D:11     | Noticed Snorg
 10692 | D:11     | Slain by Snorg

Skill      XL: |  1  2  3  4  5  6  7  8  9 10 11 |
---------------+----------------------------------+-----
Conjurations   | 1 2 3 4 5 6 |  6.0
Shields        | 3 6 |  6.7
Stealth        | 4 6 |  6.0
Poison Magic   | 2 4 6 |  6.2
Fire Magic     | 1 3 4 |  4.1
Air Magic      | 1 2 4 |  4.1
Spellcasting   | 6 |  6.0
Dodging        | 2 3 |  3.0
Fighting       | 5 |  5.0
Armour         | 5 |  5.0
Polearms       | 3 |  3.0
Necromancy     | 3 7 |  7.1
Summonings     | |  1.0
Translocations | |  0.8

Action                   |  1- 3 |  4- 6 |  7- 9 | 10-12 || total
-------------------------+-------+-------+-------+-------++-------
Melee: Spear             |    16 |    59 |    22 |    87 ||   184
       Short sword       |       |       |     4 |       ||     4
       Trident           |       |       |    65 |       ||    65
       Halberd           |       |       |    50 |   160 ||   210
       Rapier            |       |       |       |    21 ||    21
Throw: Stone             |       |       |     6 |       ||     6
 Cast: Magic Dart        |    66 |    96 |   158 |   114 ||   434
       Mephitic Cloud    |       |    11 |    27 |    33 ||    71
       Conjure Flame     |       |     4 |    29 |    41 ||    74
       Sublimation of Bl |       |       |       |     3 ||     3
 Abil: Dig               |     4 |     6 |    10 |     9 ||    29
  Use: Scroll            |       |     5 |     3 |     3 ||    11
 Stab: Confused          |       |     4 |     9 |    18 ||    31
       Sleeping          |       |       |     2 |     2 ||     4
  Eat: Ration            |     1 |       |     2 |       ||     3
       Chunk             |       |     6 |    12 |    13 ||    31
Armor: Robe              |     5 |     6 |     8 |     7 ||    26
       Leather armour    |       |       |       |    19 ||    19
Dodge: Dodged            |    21 |    18 |    61 |    76 ||   176
Block: Other             |       |     1 |       |       ||     1
       Reflection        |       |     1 |       |       ||     1
       Buckler           |       |       |    16 |    23 ||    39
